 Dungeon Crawl Stone Soup version 0.26-a0-1021-gda264ca44c (webtiles) character file.

Game seed: 11807588005299544876

560 nel the Caller (level 7, -13/40 HPs)
             Began as a Tengu Summoner on Dec 8, 2020.
             Was a Follower of Okawaru.
             Shot with an arrow by a centaur (16 damage)
             ... on level 6 of the Dungeon.
             The game lasted 00:21:53 (6448 turns).

nel the Caller (Tengu Summoner)                     Turns: 6448, Time: 00:21:54

Health: -13/40     AC:  6    Str:  9    XL:     7   Next: 31%
Magic:  11/11      EV: 17    Int: 20    God:    Okawaru [*.....]
Gold:   306        SH:  0    Dex: 16    Spells: 4/10 levels left

rFire    . . .     SeeInvis .   u - +0 trident
rCold    . . .     Faith    .   (no shield)
rNeg     + . .     Spirit   .   y - +0 robe of the Volcano {rN+ Int+3 Dex+2 Stlth-} (curse)
rPois    .         Reflect  .   (helmet restricted)
rElec    .         Harm     .   (no cloak)
rCorr    .         Rampage  .   (no gloves)
Will     +....                  (boots unavailable)
Stlth    +.........             (no amulet)
HPRegen  0.13/turn              f - +4 ring of protection
MPRegen  0.12/turn              k - ring of willpower

@: flying quickly and evasively, quick
A: beak, talons 3, able to fly
a: Stop Flying, Heroism, Renounce Religion


You were on level 6 of the Dungeon.
You worshipped Okawaru.
Okawaru was aware of your devotion.
You visited 2 branches of the dungeon, and saw 7 of its levels.

You collected 306 gold pieces.

Inventory:

Hand Weapons
 d - a +0 mace
 e - a +0 spear
 p - a +2 vorpal flail
 u - a +0 trident (weapon)
 v - a +0 halberd
Missiles
 s - 7 boomerangs
Armour
 a - a +0 robe
 j - a +0 tower shield
 o - a +0 leather armour
 t - a +2 helmet
 y - the cursed +0 robe of the Volcano (worn) {rN+ Int+3 Dex+2 Stlth-}
   (You found it on level 4 of the Dungeon)

   It affects your intelligence (+3).
   It affects your dexterity (+2).
   It protects you from negative energy.
   It makes you less stealthy.
   It has a curse placed upon it.
Jewellery
 f - a +4 ring of protection (left hand)
 k - a ring of willpower (right hand)
 l - an uncursed ring of resist corrosion {unknown}
Wands
 D - a wand of flame (23)
Scrolls
 b - a scroll of random uselessness {unknown}
 c - 4 scrolls of amnesia {unknown}
 g - 4 scrolls of teleportation {unknown}
 h - a scroll of identify
 m - 3 scrolls of enchant weapon {unknown}
 q - 2 scrolls of remove curse {unknown}
 r - 5 scrolls of enchant armour {unknown}
 E - a scroll of magic mapping {unknown}
Potions
 i - 3 potions of attraction {unknown}
 n - 3 potions of flight {unknown}
 w - a potion of mutation
 x - a potion of might
 z - 2 potions of brilliance
 A - a potion of degeneration
 B - a potion of lignification
 C - 2 potions of curing


   Skills:
 + Level 2.3 Fighting
 * Level 5.1 Polearms
 + Level 4.2 Dodging
 - Level 2.0 Stealth
 - Level 2.0 Spellcasting
 + Level 6.4 Summonings
 + Level 0.8 Invocations


You had 4 spell levels left.
You knew the following spells:

 Your Spells              Type           Power        Failure   Level
a - Summon Small Mammal   Summ           ####         1%          1
b - Call Imp              Summ           ####....     1%          2
c - Call Canine Familiar  Summ           ####....     3%          3

Your spell library contained the following spells:

 Spells                   Type           Power        Failure   Level
 Summon Guardian Golem    Hex/Summ       ##......     13%         3
 Freeze                   Ice            #...         16%         1
 Summon Ice Beast         Ice/Summ       ##......     38%         4
 Summon Lightning Spire   Summ/Air       ##......     38%         4
 Frozen Ramparts          Ice            #.....       43%         3
 Ozocubu's Armour         Ice            #.......     43%         3
 Hailstorm                Conj/Ice       #.......     83%         4


Dungeon Overview and Level Annotations

Branches:
Dungeon (6/15)             Temple (1/1) D:4

Altars:
Ashenzari
Elyvilon
Fedhas
Gozag
Hepliaklqana
Makhleb
Okawaru
Qazlal
Ru
Wu Jian
Xom
Yredelemnul


Innate Abilities, Weirdness & Mutations

You have a beak for a mouth.
You have claws for feet.
You can fly continuously.


Message History

A centaur comes into view.
A centaur is nearby! 2 centaurs come into view.
The centaur shouts! x2
A centaur comes into view.
The centaur wields a +4 shortbow.
The centaur shoots an arrow.
The arrow hits you!
The centaur wields a +0 shortbow.
The centaur shoots an arrow.
The arrow hits you!
The centaur wields a +0 shortbow.
The centaur shoots an arrow.
The arrow completely misses you. The arrow hits your quokka.
The centaur moves out of view.
You hear a shout!
You see here an arrow.
Unknown command.
You swap places.
The centaur shoots an arrow.
The arrow hits you!
* * * LOW HITPOINT WARNING * * *
You see here 2 arrows.
The centaur shoots an arrow.
The arrow closely misses your quokka. The arrow hits you!
You die...

#...≈≈≈## #...# ..cc≈≈≈≈##
#...######
...≈≈≈≈≈.###....#...#
..c≈≈≈≈≈.##.........######
..≈≈≈≈≈≈.####.#.##..#.##.#
≈≈≈≈≈≈≈≈..##..#.##..#..#..
≈≈≈≈≈≈≈((....#............
≈≈≈≈.^..r....##...........
≈........@#####...........
##......#..# #............
###..>...................
...###....#..........#.#
.... ##.####.......###.#
.... #.# ......### ..# #..
. ###


You could see 3 centaurs and a friendly quokka (summoned).

Vanquished Creatures
  A sky beast (D:6)
  A bullfrog (D:4)
  A water moccasin skeleton (D:4)
  A howler monkey (D:5)
  An orc wizard (D:4)
  A bullfrog skeleton (D:5)
  A worker ant (D:5)
  Robin (D:2)
  4 adders
  A shadow imp (D:5)
  An ooze (D:4)
  3 adder skeletons (D:4)
  4 worms
  A dart slug (D:1)
  3 leopard geckos
  5 orcs
  6 giant cockroaches
  16 goblins
  12 hobgoblins
  A ball python (D:3)
  4 bats
  4 frilled lizards
  9 kobolds
  8 rats
90 creatures vanquished.

Vanquished Creatures (collateral kills)
  An ogre (D:5)
  Jessica (D:3)
  A worker ant (D:4)
  2 adders (D:4)
  3 gnolls (D:3)
  A leopard gecko (D:1)
  9 orcs (D:4)
  2 bats (D:1)
  A giant cockroach (D:4)
  5 goblins
  A hobgoblin (D:2)
  A frilled lizard (D:2)
  A kobold (D:3)
29 creatures vanquished.

Grand Total: 119 creatures vanquished

Notes
Turn   | Place    | Note
-------+----------+-------------------------------------------
     0 | D:1      | nel the Tengu Summoner began the quest for the Orb.
     0 | D:1      | Reached XP level 1. HP: 10/10 MP: 4/4
   471 | D:1      | Reached skill level 5 in Summonings
   471 | D:1      | Reached XP level 2. HP: 12/15 MP: 6/6
   563 | D:1      | Reached skill level 1 in Polearms
  1111 | D:1      | Reached XP level 3. HP: 16/19 MP: 7/7
  1465 | D:2      | Noticed Robin
  2255 | D:1      | Reached XP level 4. HP: 10/24 MP: 6/8
  2700 | D:1      | Learned a level 2 spell: Call Imp
  2704 | D:1      | Learned a level 3 spell: Call Canine Familiar
  3130 | D:2      | Killed Robin
  3811 | D:3      | Gained mutation: You can fly continuously. [Tengu growth]
  3811 | D:3      | Reached XP level 5. HP: 28/28 MP: 7/9
  4064 | D:3      | Noticed Jessica
  4123 | D:3      | Killed Jessica
  4695 | D:4      | Found a staircase to the Ecumenical Temple.
  4708 | Temple   | Entered the Ecumenical Temple
  4964 | D:4      | Got a silken robe
  4975 | D:4      | Identified the cursed +0 robe of the Volcano {rN+ Int+3
                  | Dex+2 Stlth-} (You found it on level 4 of the Dungeon)
  4977 | D:4      | Found an iron altar of Okawaru.
  4982 | D:4      | Became a worshipper of Warmaster Okawaru
  5019 | D:4      | Reached skill level 1 in Fighting
  5108 | D:4      | Reached XP level 6. HP: 23/34 MP: 10/10
  5314 | D:4      | Reached skill level 6 in Summonings
  5370 | D:4      | Found a basalt altar of Yredelemnul.
  5638 | D:5      | Entered Level 5 of the Dungeon
  5670 | D:5      | Reached * piety under Okawaru
  5860 | D:5      | Reached XP level 7. HP: 40/40 MP: 11/11
  6419 | D:6      | Reached skill level 5 in Polearms
  6448 | D:6      | Shot with an arrow by a centaur

Illustrated notes

Levels and vault maps discovered:
D:1:      lightli_arrival_windingriver, layout_loops_ring
D:2:      layout_basic, uniq_robin
D:3:      layout_loops_ring, st_stairs_11, uniq_jessica
D:4:      layout_cave_pools, lemuel_doored_altar, kennysheep_little_box,
          minmay_temple_entry_offerings
D:5:      minmay_evil_eye, layout_gridville
D:6:      minmay_skewed_foursquare, layout_cave_pools, dancing_weapons_uskayaw,
          centaur_isle, uniq_sigmund
Temple:   zaba_magenta_temple

Skill      XL: |  1  2  3  4  5  6  7 |
---------------+----------------------+-----
Summonings     | 5 6 |  6.4
Polearms       | 1 2 3 4 5 |  5.1
Dodging        | 3 4 |  4.2
Fighting       | 1 2 |  2.3
Stealth        | |  2.0
Spellcasting   | |  2.0
Invocations    | |  0.8

Action                   |  1- 3 |  4- 6 |  7- 9 || total
-------------------------+-------+-------+-------++-------
Melee: Spear             |   116 |   107 |       ||   223
       Peck              |    11 |    20 |     4 ||    35
       Mace              |     3 |       |       ||     3
       Unarmed           |     3 |       |       ||     3
       Kick              |    10 |    34 |     6 ||    50
       Trident           |       |   105 |    24 ||   129
 Cast: Summon Small Mamm |    24 |    15 |     1 ||    40
       Call Imp          |       |    13 |     1 ||    14
       Call Canine Famil |       |     2 |     1 ||     3
 Abil: Fly               |       |     1 |       ||     1
  Use: Scroll            |       |       |     6 ||     6
 Stab: Sleeping          |     4 |     3 |       ||     7
       Distracted        |       |     1 |     1 ||     2
Armor: Robe              |    17 |    10 |     5 ||    32
       Leather armour    |       |    21 |       ||    21
Dodge: Dodged            |    55 |   115 |    17 ||   187

Table legend: (Time is in decaauts)
 A = Elapsed time spent in this place.
 B = Non-inter-level travel time spent in this place.
 C = Inter-level travel time spent in this place.
 D = Time resting spent in this place.
 E = Time spent auto-exploring this place.
 F = Levels seen in this place.
 G = Mean time per level.
                   A        B        C        D        E       F      G
               +--------+--------+--------+--------+--------+-----+--------+
         Total |   6369 |   6147 |    222 |   1179 |   3292 |   7 |  909.9 |
       Dungeon |   6250 |   6040 |    210 |   1179 |   3240 |   6 | 1041.7 |
        Temple |    119 |    107 |     12 |      0 |     52 |   1 |  119.0 |
               +--------+--------+--------+--------+--------+-----+--------+

Top non-repeatable levels by time:
     D:1: 1914 daAuts
     D:2: 1480 daAuts
     D:3: 1302 daAuts
     D:4: 801 daAuts
     D:5: 665 daAuts
  Temple: 119 daAuts
     D:6: 85 daAuts
